 Dungeon Crawl Stone Soup version 0.31.0-10-gcf4a605ca0 (webtiles) character file.

Game seed: 14192559617849074772

492 Sweeb the Shield-Bearer (level 6, -2/48 HPs)
             Began as a Demonspawn Fighter on Jan 26, 2024.
             Was an Initiate of Makhleb.
             Slain by a water moccasin (8 damage)
             ... on level 5 of the Dungeon.
             The game lasted 00:06:25 (4042 turns).

Sweeb the Shield-Bearer (Demonspawn Fighter)        Turns: 4042, Time: 00:06:25

Health: -2/48      AC:  7    Str: 16    XL:     6   Next: 91%
Magic:  6/6        EV:  8    Int:  8    God:    Makhleb [......]
Gold:   309        SH:  5    Dex: 15    Spells: 5/5 levels left

rFire   . . .        a - +1 trident (freeze)
rCold   + . .        c - +0 buckler
rNeg    . . .        b - +0 scale mail
rPois   .            (no helmet)
rElec   .            (no cloak)
rCorr   .            (no gloves)
SInv    .            (no boots)
Will    .....        (no amulet) Stlth
                     l - ring of protection from cold
HPRegen 0.28/turn    (no ring)
MPRegen 0.10/turn

%: no passive effects
@: lethally poisoned (-2 -> -11)
A: powered by pain 2, weakness stinger 2
a: Renounce Religion


You were on level 5 of the Dungeon.
You worshipped Makhleb.
Makhleb was noncommittal.
You visited 1 branch of the dungeon, and saw 5 of its levels.

You collected 309 gold pieces.

Inventory:

Hand Weapons
 a - a +1 trident of freezing (weapon)
Armour
 b - a +0 scale mail (worn)
 c - a +0 buckler (worn)
 h - a scarf of harm
Jewellery
 l - a ring of protection from cold (left hand)
 n - a ring of willpower
Wands
 q - a wand of flame (28)
Scrolls
 e - 2 scrolls of teleportation
 j - a scroll of noise
 o - a scroll of fear
 p - a scroll of enchant armour {unknown}
Potions
 d - 3 potions of might
 f - 2 potions of lignification {unknown}
 g - a potion of attraction
 i - 2 potions of curing
 k - a potion of cancellation
 m - 2 potions of haste {unknown}
 r - a potion of ambrosia {unknown}


   Skills:
 + Level 4.2 Fighting
 * Level 4.0 Polearms
 + Level 3.7 Armour
 * Level 4.7 Shields


You had 5 spell levels left.
You didn't know any spells.
Your spell library contained the following spells:

 Spells                   Type           Power      Damage    Failure   Level
 Sandblast                Erth           0%         2d4       89%         1
 Lesser Beckoning         Tloc           0%         N/A       96%         2
 Gell's Gravitas          Tloc           0%         N/A       99%         3
 Passwall                 Erth           0%         N/A       99%         3
 Stone Arrow              Conj/Erth      0%         3d7       99%         3
 Teleport Other           Tloc           0%         N/A       99%         3
 Brom's Barrelling Bould  Conj/Erth      0%         2d3       100%        4
 Dispersal                Tloc           0%         N/A       100%        6


Dungeon Overview and Level Annotations

Branches:
Dungeon (5/15)             Temple (0/1) D:5

Altars:
Fedhas
Hepliaklqana
Makhleb
Ru
Yredelemnul


Innate Abilities, Weirdness & Mutations

You sometimes gain power by taking damage.
You have a tail ending in a sharp stinger.


Message History

The water moccasin bites you.
You are more poisoned.
The water moccasin poisons you! The white imp gestures at you.
The puff of frost hits you. You resist.
You puncture the water moccasin! You freeze the water moccasin.
You tail-slap the water moccasin.
The water moccasin is severely wounded.
You feel extremely sick. The water moccasin misses you.
You block the white imp's attack.
You are too injured to fight recklessly!
You are too injured to fight recklessly!
You are too injured to fight recklessly!
You are too injured to fight recklessly!
You closely miss the water moccasin.
The water moccasin is severely wounded.
You feel very sick. The water moccasin bites you.
The white imp gestures at you. The puff of frost hits you. You resist.
* * * LOW HITPOINT WARNING * * *
The water moccasin barely misses you.
You miss the water moccasin.
Your tail-slap misses the water moccasin.
The water moccasin is severely wounded.
* * * LOW HITPOINT WARNING * * *
You feel very sick. The water moccasin barely misses you.
The white imp gestures at you. The puff of frost misses you.
You barely miss the white imp.
You tail-slap the white imp, but do no damage.
* * * LOW HITPOINT WARNING * * *
You feel very sick.
The water moccasin completely misses you.
The white imp gestures at you. The puff of frost hits you. You resist.
* * * LOW HITPOINT WARNING * * *
The water moccasin bites you!
You die...

#..............?# #.
#...............### #.
##########........# ##
#........#####
#...†.........
#.............
#####.........
########.....$... ...
......5@./...######...
......S.........
.....##
..:..............
......
...............#.
......
...............# ##...
...............# #....
...............# #....
........####### #....
#....


You could see a water moccasin and a white imp.

Vanquished Creatures
  3 scorpions
  A bombardier beetle (D:5)
  A hound (D:5)
  An orc priest (D:4)
  A sleepcap (D:5)
  Jessica (D:2)
  An iguana (D:4)
  2 adders (D:2)
  2 ufetubi (D:5)
  A dart slug (D:1)
  9 ribbon worms
  5 orcs
  10 ball pythons
  9 endoplasms
  4 giant cockroaches
  4 goblins (D:1)
  10 hobgoblins
  6 jackals
  3 quokkas
  7 bats
  5 kobolds
  5 rats
  A spectral hobgoblin (D:3)
92 creatures vanquished.

Notes
Turn   | Place    | Note
-------+----------+-------------------------------------------
     0 | D:1      | Sweeb the Demonspawn Fighter began the quest for the Orb.
     0 | D:1      | Reached XP level 1. HP: 18/18 MP: 1/1
   111 | D:1      | Gained mutation: You have a small tail. [demonic ancestry]
   111 | D:1      | Reached XP level 2. HP: 16/24 MP: 2/2
   391 | D:1      | Gained mutation: You sometimes gain a little power by
                  | taking damage. [demonic ancestry]
   391 | D:1      | Reached XP level 3. HP: 29/29 MP: 3/3
  1029 | D:2      | HP: 1/29 [poisoned by an adder]
  1164 | D:2      | Noticed Jessica
  1174 | D:2      | Killed Jessica
  1175 | D:2      | Gained mutation: You have a tail ending in a sharp stinger.
                  | [demonic ancestry]
  1175 | D:2      | Reached XP level 4. HP: 15/35 MP: 4/4
  1435 | D:2      | Found a faded altar of an unknown god.
  1850 | D:2      | Identified the +6 mace of Action {freeze, Int+3 Dex+5}
  1906 | D:3      | Found a basalt altar of Yredelemnul.
  1906 | D:3      | Found a sacrificial altar of Ru.
  2535 | D:3      | Found a hazy altar of Hepliaklqana.
  2762 | D:4      | Reached XP level 5. HP: 42/42 MP: 5/5
  2820 | D:4      | HP: 2/42 [orc/+0 whip (5)]
  3128 | D:4      | Gained mutation: You sometimes gain power by taking damage.
                  | [demonic ancestry]
  3128 | D:4      | Reached XP level 6. HP: 35/48 MP: 6/6
  3385 | D:4      | Found a blossoming altar of Fedhas.
  3568 | D:5      | Entered Level 5 of the Dungeon
  3606 | D:5      | Found a burning altar of Makhleb.
  3611 | D:5      | Became a worshipper of Makhleb the Destroyer
  3847 | D:5      | Found a staircase to the Ecumenical Temple.
  4032 | D:5      | Noticed a water moccasin
  4042 | D:5      | Slain by a water moccasin

Illustrated notes

Levels and vault maps discovered:
D:1:      wander_arrival_chamber, layout_loops_ring
D:2:      layout_loops_corners, shapermc_ecumenical_altar_mp_highgroup,
          minmay_misc_feat_diagonals, minivault_5, minmay_split_cup_large,
          uniq_jessica
D:3:      layout_loops_ring, nicolae_hepliaklqana_monster_ancestors,
          grunt_temple_overflow_open, minmay_diced_spiral
D:4:      layout_loops_ring, overflow_temple_1_default
D:5:      layout_basic, kennysheep_mini_moat, minmay_temple_entry_trees

Skill      XL: |  1  2  3  4  5  6 |
---------------+-------------------+-----
Polearms       | 2 3 4 |  4.0
Shields        | 3 4 |  4.7
Armour         | 3 |  3.7
Fighting       | 4 |  4.2

Action                     |  1- 3 |  4- 6 || total
---------------------------+-------+-------++-------
  Melee: Trident           |   106 |   193 ||   299
         Tailslap          |     4 |    21 ||    25
    Use: Potion            |     1 |     1 ||     2
         Scroll            |       |    10 ||    10
 Armour: Scale mail        |    61 |   121 ||   182
  Dodge: Dodged            |    36 |    72 ||   108
  Block: Buckler           |    12 |    53 ||    65
